 Dungeon Crawl Stone Soup version 0.24.1-11-gbbbb2193e6 (webtiles) character file.

Game seed: 10677507279123984145, levelgen mode: deterministic

7668 Mrkan the Grappler (level 10, -1/157 HPs)
             Began as a Troll Berserker on May 13, 2020.
             Was a High Priest of Trog.
             Slain by a porcupine (8 damage)
             ... on level 10 of the Dungeon.
             The game lasted 00:15:48 (7720 turns).

Mrkan the Grappler (Troll Berserker)                Turns: 7720, Time: 00:15:48

Health: -1/157     AC:  6    Str: 32    XL:     10   Next: 99%
Magic:  9/9        EV: 10    Int:  6    God:    Trog [*****.]
Gold:   380        SH: 14    Dex:  9    Spells: 9/9 levels left

rFire    . . .     SeeInvis .     - Unarmed
rCold    . . .     Gourm    +   n - +2 shield
rNeg     . . .     Faith    .   a - +0 animal skin
rPois    .         Spirit   .   (helmet restricted)
rElec    .         Reflect  .   (no cloak)
rCorr    .         Harm     .   (gloves unavailable)
MR       ++...                  (boots unavailable)
Stlth    ..........             (no amulet)
HPRegen  1.76/turn              (no ring)
MPRegen  0.11/turn              (no ring)

@: berserking (expiring), regenerating, very quick
A: large, unfitting armour, claws 3, fast metabolism 3, gourmand, regeneration
1, shaggy fur 1, tough skin 3
a: Berserk, Trog's Hand, Brothers in Arms, Renounce Religion


You were on level 10 of the Dungeon.
You worshipped Trog.
Trog was extremely pleased with you.
You were very full.

You visited 1 branch of the dungeon, and saw 10 of its levels.

You collected 618 gold pieces.
You spent 238 gold pieces at shops.

Inventory:

Hand Weapons
 x - the +3 long sword of Peace {drain, rElec MR+}
   (You bought it in a shop on level 4 of the Dungeon)

   A truly terrible weapon, it drains the life of those it strikes.
   It insulates you from electricity.
   It affects your resistance to hostile enchantments.
 I - a +0 giant spiked club
 J - a +4 double sword of holy wrath
Missiles
 t - 7 javelins (quivered)
Armour
 a - a +0 animal skin (worn)
 n - a +2 shield (worn)
Jewellery
 c - an uncursed ring of ice {unknown}
 e - an uncursed amulet of faith {unknown}
 r - an uncursed ring of see invisible {unknown}
Wands
 m - a wand of random effects (19)
 o - a wand of acid (13)
 y - a wand of iceblast (4)
 C - a wand of clouds (5)
 F - a wand of flame (16)
Scrolls
 f - 5 scrolls of teleportation
 h - 3 scrolls of blinking
 j - 2 scrolls of enchant armour {unknown}
 k - 2 scrolls of remove curse {unknown}
 l - 3 scrolls of magic mapping {unknown}
 p - 2 scrolls of amnesia
 u - a scroll of immolation {unknown}
 v - 4 scrolls of enchant weapon {unknown}
 A - 4 scrolls of identify
 D - a scroll of fog {unknown}
 G - a scroll of vulnerability {unknown}
Potions
 d - 3 potions of heal wounds {unknown}
 g - 2 potions of curing {unknown}
 i - 2 potions of berserk rage {unknown}
 q - 2 potions of mutation {unknown}
 s - a potion of cancellation {unknown}
 w - a potion of magic {unknown}
 z - a potion of flight {unknown}
 B - 2 potions of degeneration {unknown}
 E - a potion of lignification {unknown}
 H - a potion of brilliance {unknown}
Comestibles
 b - 22 rations
 K - 9 chunks of flesh


   Skills:
 + Level 8.3 Fighting
 - Level 2.4 Dodging
 - Level 9.0 Shields
 + Level 9.8 Unarmed Combat


You had 9 spell levels left.
You didn't know any spells.
Your spell library was empty.

Dungeon Overview and Level Annotations

Branches:
Dungeon (10/15)            Temple (0/1) D:4
   Lair: D:8-11         Orc: D:9-12

Altars:
Gozag
Makhleb
Ru
Trog

Shops:
D:4 (   D:5 }   D:7 *


Innate Abilities, Weirdness & Mutations

You are too large for most types of armour.
You have claws for hands.
Your metabolism is lightning-fast.
You like to eat raw meat.
Your natural rate of healing is unusually fast.
You are covered in fur. (AC +1)
You have extremely tough skin. (AC +3)


Message History

You block the orc's attack.
Items here: )) ? [[ †† You feel a strong urge to attack something.
Your two-headed ogre hits the orc with a +0 dire flail.
Your two-headed ogre completely misses the orc.
The orc hits your two-headed ogre with a +0 hand axe.
You closely miss the porcupine. You block the porcupine's attack.
You closely miss the porcupine.
Your two-headed ogre hits the orc with a +0 dire flail.
The orc dies!
Trog accepts your kill.
The shadow slips into darkness.
The shadow flickers and vanishes!
Deactivating autopickup; reactivate with Ctrl-A.
You are struck by the porcupine's spines.
* * * LOW HITPOINT WARNING * * *
You claw the porcupine!
The porcupine is almost dead.
The porcupine bites you!
You die...

........# #.# ..P.P.PP..PP
...###.## #.#
#.##.......P...
##.))..####.# ###
..#.#...P.P... ...###...##.#
#.####.#.#......... .###
###..#.###...##.#.#......%..
##♣
♣##............[...r.....).
# #..............#.....†#..
# ##........###..#......#..
#......@O){h.......o..5. #
##......#r###.>########.. #
#....:..#5.o)).o.........
##♣
♣##.#.....#####o.##........
.### ###..#.....#
#..##........
...###...##.....#
#..##........
##.....####.....#
#............ ########
#.....#####............ #
#.#.......)))##...###..


You could see a black bear, a porcupine, an orc priest, a crimson imp and a
friendly two-headed ogre (berserk).

Vanquished Creatures
  Harold (D:8)
  Pikel (D:8)
  4 hippogriffs
  Sigmund (D:3)
  2 wraiths
  5 yaks (D:10)
  A hungry ghost (D:8)
  3 porcupines (D:10)
  A water moccasin (D:5)
  5 orc warriors
  An ice beast (D:10)
  3 sky beasts
  A phantom (D:6)
  5 ogres
  2 centaurs
  A crocodile (D:10)
  7 bullfrogs
  5 scorpions
  3 wights (D:7)
  2 crimson imps
  2 centaur zombies
  3 hounds
  2 jellies
  9 orc wizards
  5 orc priests
  5 iguanas
  5 worker ants
  2 worker ant zombies (D:7)
  A howler monkey zombie (D:10)
  6 adders
  4 shadow imps
  2 oozes
  An adder zombie (D:6)
  An adder skeleton (D:9)
  4 worms
  A dart slug (D:5)
  7 leopard geckos
  34 orcs
  12 bats
  8 giant cockroaches
  15 goblins
  5 hobgoblins
  9 jackals
  6 kobolds
  2 quokkas
  3 frilled lizards
  A jackal skeleton (D:4)
  A leopard gecko skeleton (D:5)
  A leopard gecko zombie (D:5)
  7 rats
218 creatures vanquished.

Vanquished Creatures (collateral kills)
  A troll (D:10)
  2 porcupines (D:10)
  A bullfrog (D:10)
  2 orc wizards (D:10)
  An adder (D:10)
  5 orcs (D:10)
12 creatures vanquished.

Vanquished Creatures (others)
  An orc (D:8)
  6 fungi (D:10)
  A plant (D:10)
8 creatures vanquished.

Grand Total: 238 creatures vanquished

Notes
Turn   | Place    | Note
-------+----------+-------------------------------------------
     0 | D:1      | Mrkan the Troll Berserker began the quest for the Orb.
     0 | D:1      | Reached XP level 1. HP: 22/22 MP: 0/0
   279 | D:1      | Reached XP level 2. HP: 29/29 MP: 1/1
   861 | D:1      | Reached ** piety under Trog
   861 | D:1      | Reached XP level 3. HP: 36/36 MP: 2/2
   985 | D:2      | Found an opulent altar of Gozag.
  1542 | D:3      | You fall into a shaft and drop 3 floors!
  1542 | D:6      | Noticed a centaur
  1554 | D:6      | Killed a centaur
  1554 | D:6      | Reached skill level 5 in Unarmed Combat
  1554 | D:6      | Reached XP level 4. HP: 25/45 MP: 3/3
  1554 | D:6      | Reached XP level 5. HP: 30/53 MP: 4/4
  1577 | D:6      | Noticed a phantom
  1585 | D:6      | Found a sacrificial altar of Ru.
  1634 | D:5      | Entered Level 5 of the Dungeon
  1640 | D:5      | Found Ipasucs's Gadget Emporium.
  1780 | D:5      | Noticed a sky beast
  1786 | D:5      | Killed a sky beast
  1786 | D:5      | Reached XP level 6. HP: 55/62 MP: 5/5
  2206 | D:5      | Noticed a water moccasin
  2214 | D:5      | Killed a water moccasin
  2214 | D:5      | Reached XP level 7. HP: 56/71 MP: 6/6
  2412 | D:4      | Found a staircase to the Ecumenical Temple.
  2655 | D:3      | Reached *** piety under Trog
  2777 | D:3      | Found a burning altar of Makhleb.
  2905 | D:3      | Noticed Sigmund
  2920 | D:3      | Killed Sigmund
  3048 | D:4      | Found Enuigoc's Antique Weapon Emporium.
  3055 | D:4      | Bought a crude long sword for 238 gold pieces
  3058 | D:4      | Identified the +3 long sword of Peace {drain, rElec MR+}
                  | (You bought it in a shop on level 4 of the Dungeon)
  3802 | D:6      | Reached skill level 5 in Fighting
  3840 | D:6      | Reached XP level 8. HP: 70/80 MP: 7/7
  3855 | D:6      | Reached skill level 1 in Shields
  4239 | D:6      | Reached **** piety under Trog
  4839 | D:7      | Noticed a hippogriff
  4846 | D:7      | Killed a hippogriff
  4966 | D:7      | Reached skill level 5 in Shields
  4966 | D:7      | Reached XP level 9. HP: 87/89 MP: 8/8
  4992 | D:7      | Found Iwyig's General Store.
  5286 | D:8      | Noticed Pikel
  5299 | D:8      | Killed Pikel
  5423 | D:8      | Reached ***** piety under Trog
  5577 | D:8      | Noticed Harold
  5591 | D:8      | Killed Harold
  5591 | D:8      | Reached XP level 10. HP: 102/102 MP: 9/9
  6570 | D:9      | Found a bloodstained altar of Trog.
  7105 | D:10     | Entered Level 10 of the Dungeon
  7359 | D:10     | Found an opulent altar of Gozag.
  7389 | D:10     | Received a gift from Trog
  7712 | D:10     | HP: 5/157 [porcupine's spines (7)]
  7720 | D:10     | HP: 6/157 [porcupine's spines (7)]
  7720 | D:10     | Slain by a porcupine

Levels and vault maps discovered:
D:1:      saegor_arrival_miasma, layout_loops_corners
D:2:      layout_basic, lemuel_doored_altar
D:3:      cheibrodos_greedy_goblins, layout_loops_ring,
          makhleb_blood_cavern_becter, uniq_sigmund
D:4:      layout_basic, temple_doors_e, first_ration, serial_shops,
          nicolae_shop_overgrown_old_shop
D:5:      layout_loops_ring, serial_shops, shop, moated_statue
D:6:      layout_basic, basic_altar
D:7:      layout_basic, serial_shops, kennysheep_little_box, grunt_ogre_cave,
          minmay_stone_trees_small
D:8:      layout_basic, uniq_harold, uniq_pikel
D:9:      layout_stronghold, trog_butcher_becter
D:10:     cheibrodos_iron_armory, layout_basic, due_lair_maze_entry_diamond,
          nicolae_twisting_strands, nicolae_gozag_seed_capital

Skill      XL: |  1  2  3  4  5  6  7  8  9 10 |
---------------+-------------------------------+-----
Unarmed Combat | 5 6 7 8 9 |  9.8
Fighting       | 3 4 5 6 7 8 |  8.3
Shields        | 5 7 9 |  9.0
Dodging        | |  2.4

Action                   |  1- 3 |  4- 6 |  7- 9 | 10-12 || total
-------------------------+-------+-------+-------+-------++-------
Melee: Unarmed           |   142 |    67 |   376 |   190 ||   775
       Punch             |     1 |       |       |       ||     1
Invok: Berserk           |       |       |     1 |     2 ||     3
       Trog's Hand       |       |       |     1 |     2 ||     3
       Brothers in Arms  |       |       |       |     2 ||     2
  Use: Scroll            |       |       |     4 |       ||     4
  Eat: Chunk             |    12 |     9 |    37 |    27 ||    85
       Ration            |       |     1 |       |       ||     1
Armor: Animal skin       |    94 |    20 |    77 |    22 ||   213
Dodge: Dodged            |   120 |    16 |   100 |    43 ||   279
Block: Shield            |    10 |    27 |   160 |   131 ||   328
